AoeStats
← gabrielaA23

African Clearing

510892876Analyzed
2v2 RM · 14h ago on Oct 3, 2026· 21m 1s· 4 players
Game mode
Random Map
Map size
Medium (4 player)
Population
200
Speed
Normal
Resources
Standard
Victory
Conquest
Starting age
Dark Age
Ending age
Imperial Age
RankedLock teamsTeams togetherTeam positionsShared explorationLock speedFull tech treeHidden civsTurbo modeCheats
Victory
Defeat
🇧🇷 Burmese · Brazil
496
+24
🇦🇷 Bulgarians · Argentina
484
+24
🇦🇷 Chinese · Argentina
728
-50
🇦🇷 Inca · Argentina
625
-22
FerJ4m
10:07 Loom
18:37 Feudal Age
22:33 Castle Age
ElPadrePaco
6:35 Loom
11:56 Feudal Age
14:35 Double-Bit Axe
15:32 Arson
16:16 Forging
16:07 Scale Mail Armor
chemadc5965
17:13 Feudal Age
17:41 Double-Bit Axe
gabrielaA23
18:20 Feudal Age
18:53 Double-Bit Axe
19:06 Champi Runner
Connection lost

Rejoining the realm…

Still unreachable

The connection could not be restored.

Session expired

The server has moved on; the page needs a fresh start.